 Dungeon Crawl Stone Soup version 0.28-a0-1395-g4f6bc678fa (webtiles) character file.

Game seed: 13862065923292882415

117 ryw the Skirmisher (level 4, 0/55 HPs)
             Began as a Demonspawn Monk on Jan 4, 2022.
             Slain by an iguana (7 damage)
             ... on level 4 of the Dungeon.
             The game lasted 00:03:15 (3509 turns).

ryw the Skirmisher (Demonspawn Monk)                Turns: 3509, Time: 00:03:16

Health: 0/55       AC: 22    Str: 11    XL:     4   Next: 71%
Magic:  4/4        EV:  2    Int: 14    God:
Gold:   134        SH:  0    Dex: 15    Spells: 3/3 levels left

rFire   . . .      SeeInvis .     - Unarmed
rCold   . . .      Faith    .   (no shield)
rNeg    . . .      Spirit   .   (armour currently unavailable)
rPois   +          Reflect  .   (helmet currently unavailable)
rElec   .          Harm     .   (cloak currently unavailable)
rCorr   .          Rampage  .   (gloves currently unavailable)
Will    .....      NoTele   +   (boots currently unavailable)
Stlth   ++........              (no amulet)
HPRegen 0.18/turn               (no ring)
MPRegen 0.09/turn               (no ring)

@: tree-form
A: stationary, stasis, torment immunity, boosted hp, (spiny 1), (weakness
stinger 1)
a: no special abilities


You were on level 4 of the Dungeon.
You were a tree.
You visited 1 branch of the dungeon, and saw 4 of its levels.

You collected 134 gold pieces.

Inventory:

Missiles
 l - 5 atropa-tipped darts (quivered)
Armour
 a - a +0 robe
 k - a +0 leather armour (melded)
Scrolls
 b - 7 scrolls of teleportation {unknown}
 c - a scroll of silence {unknown}
 d - a scroll of enchant armour {unknown}
 e - a scroll of holy word {unknown}
 h - a scroll of fear {unknown}
 i - a scroll of noise {unknown}
 m - a scroll of identify {unknown}
Potions
 f - a potion of might
 g - 2 potions of lignification
 j - a potion of curing {unknown}
 n - a potion of attraction {unknown}


   Skills:
 + Level 4.2 Fighting
 + Level 1.2 Armour
 + Level 3.9 Dodging
 - Level 1.7 Stealth
 - Level 2.6 Unarmed Combat


You had 3 spell levels left.
You didn't know any spells.
Your spell library contained the following spells:

 Spells                   Type           Power      Damage    Failure   Level
 Shock                    Conj/Air       0%         1d3       28%         1
 Swiftness                Air            0%         N/A       65%         3
 Airstrike                Air            0%         N/A       96%         4


Dungeon Overview and Level Annotations

Branches:
Dungeon (4/15)
 Temple: D:4-7

Altars:


Innate Abilities, Weirdness & Mutations

You are a tree.
Your roots penetrate the ground, keeping you stationary.
You cannot be teleported.
You are immune to unholy pain and torment.
Your maximum health is greatly increased.
Your equipment is partially melded.
((You are partially covered in sharp spines.))
((You have a small tail.))


Message History

No target in view!
A kobold comes into view. It is wielding a +0 club.
Found 14 poisoned darts.
The kobold shouts!
You hear a shout!
An iguana comes into view.
A quokka and an endoplasm come into view.
The iguana hisses angrily.
The kobold hits you with a +0 club.
A hound skeleton comes into view.
The endoplasm moves out of view.
There is a stone staircase leading down here.
You hit the kobold.
You kill the kobold!
You hit the endoplasm.
The endoplasm is severely wounded.
The endoplasm is struck by your spines.
You kill the endoplasm!
The quokka is struck by your spines. The quokka bites you.
There is a stone staircase leading down here.
The quokka closely misses you.
You hit the quokka.
You kill the quokka!
You hit the iguana.
The iguana is moderately wounded.
The iguana is struck by your spines. The iguana bites you!
You closely miss the iguana.
The iguana is moderately wounded.
The iguana bites you!
You are too injured to fight recklessly!
You are too injured to fight recklessly!
Unknown command.
You closely miss the iguana.
Your tail-slap misses the iguana.
The iguana is moderately wounded.
The iguana is struck by your spines. The iguana bites you!
* * * LOW HITPOINT WARNING * * *
Unknown command.
It was a potion of lignification.
You turn into a tree.
Your +0 leather armour melds into your body.
Your roots penetrate the ground.
The iguana bites you!
You die...

#.#.# #.#.#.#
...........#
#.#.#.#.#.#
......^..##
#.#.#.#.#.#.(#
......)......#
#.#.#.#>#.#....
#.......#####
.........Zl♣..#
########.#.####.#
.# #.. .....#
#.##.# ...
.....######....#
#.# ###.#
###.....## #.# #.
#...#...# ####.#
# #.......#
.....# #...##..#
####.# ##......#


You could see an iguana and a hound skeleton.

Vanquished Creatures
  A water moccasin zombie (D:3)
  An adder (D:3)
  6 bats
  6 endoplasms
  2 giant cockroaches
  A goblin (D:2)
  5 hobgoblins
  2 quokkas
  8 ball pythons
  2 frilled lizards
  8 kobolds
  9 rats
51 creatures vanquished.

Notes
Turn   | Place    | Note
-------+----------+-------------------------------------------
     0 | D:1      | ryw the Demonspawn Monk began the quest for the Orb.
     0 | D:1      | Reached XP level 1. HP: 18/18 MP: 1/1
   644 | D:1      | Gained mutation: You have a small tail. [demonic ancestry]
   644 | D:1      | Reached XP level 2. HP: 23/24 MP: 2/2
  2207 | D:3      | Gained mutation: You are partially covered in sharp spines.
                  | [demonic ancestry]
  2207 | D:3      | Reached XP level 3. HP: 29/29 MP: 3/3
  2457 | D:3      | Reached skill level 4 in Fighting
  2457 | D:3      | Reached XP level 4. HP: 10/37 MP: 4/4
  2791 | D:3      | Reached skill level 1 in Armour
  3509 | D:4      | Slain by an iguana

Illustrated notes

Levels and vault maps discovered:
D:1:      lightli_arrival_quake, layout_basic
D:2:      layout_basic, serial_shops, nicolae_lakefront_shop,
          shapermc_ecumenical_altar_mp_ritualfount
D:3:      layout_loops_corners, grunt_decor_mini_mirrors, skrybe_limestone_x
D:4:      layout_loops_ring, st_stairs_11, uniq_duvessa

Skill      XL: |  1  2  3  4 |
---------------+-------------+-----
Dodging        | 3 |  3.9
Fighting       | 4 |  4.2
Armour         | 1 |  1.2
Stealth        | |  1.7
Unarmed Combat | |  2.6

Action                   |  1- 3 |  4- 6 || total
-------------------------+-------+-------++-------
Melee: Unarmed           |   119 |    32 ||   151
       Tailslap          |     9 |     2 ||    11
  Use: Potion            |     1 |     1 ||     2
 Stab: Sleeping          |     5 |     2 ||     7
Armor: Robe              |    15 |       ||    15
       Leather armour    |    12 |     6 ||    18
Dodge: Dodged            |    90 |    11 ||   101

Table legend: (Time is in decaauts)
 A = Elapsed time spent in this place.
 B = Non-inter-level travel time spent in this place.
 C = Inter-level travel time spent in this place.
 D = Time resting spent in this place.
 E = Time spent auto-exploring this place.
 F = Levels seen in this place.
 G = Mean time per level.
                   A        B        C        D        E       F      G
               +--------+--------+--------+--------+--------+-----+--------+
         Total |   3501 |   3354 |    147 |    382 |   2540 |   4 |  875.2 |
       Dungeon |   3501 |   3354 |    147 |    382 |   2540 |   4 |  875.2 |
               +--------+--------+--------+--------+--------+-----+--------+

Top non-repeatable levels by time:
     D:1: 1380 daAuts
     D:3: 1175 daAuts
     D:2: 820 daAuts
     D:4: 125 daAuts
